 Dungeon Crawl Stone Soup version 0.28.0-53-g5a82cb258f (webtiles) character file.

Game seed: 1654698756395384816

111 Sin92 the Skirmisher (level 4, -1/35 HPs)
             Began as a Demonspawn Fighter on June 27, 2022.
             Slain by a gnoll
             ... wielding a +0 club
              (6 damage)
             ... on level 2 of the Dungeon.
             The game lasted 00:02:42 (1475 turns).

Sin92 the Skirmisher (Demonspawn Fighter)           Turns: 1475, Time: 00:02:43

Health: -1/35      AC:  8    Str: 17    XL:     4   Next: 62%
Magic:  4/4        EV:  9    Int:  9    God:
Gold:   71         SH:  5    Dex: 14    Spells: 3/3 levels left

rFire   . . .      SeeInvis .   a - +0 long sword
rCold   . . .      Faith    .   c - +0 buckler
rNeg    . . .      Spirit   .   b - +0 scale mail
rPois   .          Reflect  .   (no helmet)
rElec   .          Harm     .   (no cloak)
rCorr   .          Rampage  .   (no gloves)
Will    .....                   (no boots)
Stlth   ..........              (no amulet)
HPRegen 0.11/turn               (no ring)
MPRegen 0.09/turn               (no ring)

@: mighty
A: slimy green scales 1, weakness stinger 1
a: no special abilities


You were on level 2 of the Dungeon.
You visited 1 branch of the dungeon, and saw 2 of its levels.

You collected 71 gold pieces.

Inventory:

Hand Weapons
 a - a +0 long sword (weapon)
Armour
 b - a +0 scale mail (worn)
 c - a +0 buckler (worn)
Scrolls
 e - 4 scrolls of identify {unknown}
 f - 2 scrolls of enchant weapon {unknown}
 g - 2 scrolls of teleportation {unknown}
 h - a scroll of enchant armour {unknown}


   Skills:
 + Level 3.3 Fighting
 * Level 2.9 Long Blades
 + Level 3.0 Armour
 + Level 1.1 Dodging
 + Level 1.4 Stealth
 + Level 3.1 Shields


You had 3 spell levels left.
You didn't know any spells.
Your spell library was empty.

Dungeon Overview and Level Annotations

Branches:
Dungeon (2/15)

Altars:

Shops:
D:2 [![*


Innate Abilities, Weirdness & Mutations

You are partially covered in slimy green scales. (AC +2)
You have a small tail.


Message History

A goblin comes into view. It is wielding a +0 club.
The goblin shouts!
You hit Robin.
Your tail-slap misses Robin.
Robin is moderately wounded.
Robin roars a battlecry!
The goblin goes into a battle-frenzy!
Robin barely misses you.
You slash Robin!
You kill Robin!
You block the hobgoblin's attack.
You hit the hobgoblin.
You kill the hobgoblin!
The gnoll hits you from afar with a +0 halberd.
The gnoll hits you but does no damage.
You slash the goblin!
You kill the goblin!
The gnoll hits you but does no damage. The gnoll hits you with a +0 halberd.
Items here: )))) ? [[[ †††††.
You barely miss the gnoll. The gnoll barely misses you.
You closely miss the gnoll. The gnoll hits you with a +0 halberd.
You are too injured to fight recklessly!
You are too injured to fight recklessly!
You are too injured to fight recklessly!
You closely miss the gnoll. The gnoll hits you with a +0 halberd!
* * * LOW HITPOINT WARNING * * *
The gnoll closely misses you.
You closely miss the gnoll. The gnoll barely misses you.
You slash the gnoll!
You kill the gnoll!
The gnoll barely misses you.
Your Armour skill increases to level 3!
You slash the gnoll!
The gnoll is severely wounded.
The gnoll hits you with a +0 club.
* * * LOW HITPOINT WARNING * * *
You slash the gnoll!
You kill the gnoll!
The gnoll hits you with a +0 club.
You die...

###### ##....##
##...##)# ####....#.@#
#.......#)#g.≈≈._#
#######.##....#.##.≈..♣#
#.......##....)..#....#
..########.....### ...#
### #.....##..##.##
###.#.∩......###
##.).##.....##.
####..##########


You could see a gnoll.

Vanquished Creatures
  Robin (D:2)
  3 gnolls (D:2)
  2 adders (D:2)
  4 dart slugs (D:1)
  3 endoplasms (D:1)
  3 giant cockroaches (D:1)
  9 goblins
  6 hobgoblins (D:2)
  3 jackals (D:1)
  7 kobolds
  2 quokkas (D:1)
  4 ball pythons
  A bat (D:2)
  3 frilled lizards
  2 rats
53 creatures vanquished.

Vanquished Creatures (others)
  6 fungi (D:2)
  6 plants (D:2)
12 creatures vanquished.

Grand Total: 65 creatures vanquished

Notes
Turn   | Place    | Note
-------+----------+-------------------------------------------
     0 | D:1      | Sin92 the Demonspawn Fighter began the quest for the Orb.
     0 | D:1      | Reached XP level 1. HP: 18/18 MP: 1/1
    98 | D:1      | Gained mutation: You have a small tail. [demonic ancestry]
    98 | D:1      | Reached XP level 2. HP: 18/24 MP: 2/2
   517 | D:1      | Gained mutation: You are partially covered in slimy green
                  | scales. (AC +2) [demonic ancestry]
   517 | D:1      | Reached XP level 3. HP: 29/29 MP: 3/3
   916 | D:2      | Reached skill level 1 in Stealth
   976 | D:2      | Found Yluher's Antique Armour Emporium.
  1047 | D:2      | Found Utowaris's Armour Shop.
  1148 | D:2      | Found Vin Lom's Distillery.
  1324 | D:2      | Found Kimostus's General Store.
  1447 | D:2      | Reached XP level 4. HP: 35/35 MP: 4/4
  1449 | D:2      | Found a faded altar of an unknown god.
  1449 | D:2      | Noticed Robin
  1460 | D:2      | Reached skill level 1 in Dodging
  1465 | D:2      | Killed Robin
  1475 | D:2      | Slain by a gnoll

Illustrated notes

Levels and vault maps discovered:
D:1:      dpeg_arrival_three_smaller_balls, layout_rooms
D:2:      layout_rooms, serial_shops, shop, nicolae_shop_behind_doors, shop,
          shop, dreamdust_ecumenical_altar_hidden_monk_grotto, uniq_robin

Skill      XL: |  1  2  3  4 |
---------------+-------------+-----
Long Blades    | 2 |  2.9
Stealth        | 1 |  1.4
Shields        | 3 |  3.1
Dodging        | 1 |  1.1
Armour         | 3 |  3.0
Fighting       | |  3.3

Action                   |  1- 3 |  4- 6 || total
-------------------------+-------+-------++-------
Melee: Long sword        |    93 |    24 ||   117
       Tailslap          |     8 |       ||     8
  Use: Scroll            |     2 |       ||     2
       Potion            |       |     1 ||     1
Armor: Scale mail        |    37 |     4 ||    41
Dodge: Dodged            |    48 |     6 ||    54
Block: Buckler           |    22 |     3 ||    25
